 Dungeon Crawl Stone Soup version 0.31-a0-986-g5e6e4ef867 (webtiles) character file.

Game seed: 9273084190216325242

147870 Pooter the Severer (level 16, -8/226 HPs)
             Began as a Minotaur Berserker on Nov 22, 2023.
             Was a High Priest of Trog.
             Mangled by a shock serpent (10 damage)
             ... on level 3 of the Snake Pit on Nov 25, 2023.
             The game lasted 02:45:11 (42607 turns).

Pooter the Severer (Minotaur Berserker)            Turns: 42607, Time: 02:45:12

Health: -8/226     AC: 37    Str: 27    XL:     16   Next: 92%
Magic:  15/15      EV:  4    Int: 12    God:    Trog [*****.]
Gold:   87         SH:  5    Dex: 14    Spells: 15/15 levels left

rFire   . . .        a - +7 executioner's axe (heavy)
rCold   . . .        (shield currently unavailable)
rNeg    . . .        c - +7 crystal plate armour
rPois   +            U - +1 hat "Siula" {*Slow rCorr Slay+6 SInv}
rElec   .            X - +1 cloak {Will+}
rCorr   +            n - +0 pair of gloves
SInv    +            p - +0 pair of boots
Will    ++...        Q - amulet of reflection Stlth
                     P - +3 ring of slaying
HPRegen 0.57/turn    R - ring of Luro {rPois Int+6 Dex+3 Stlth+}
MPRegen 0.14/turn

%: slow self (1%), reflection
@: berserking, lethally poisoned (-8 -> -18), weakened, constricted, studying
Throwing, very quick
A: horns 2, retaliatory headbutt
a: Renounce Religion, Berserk, Trog's Hand, Brothers in Arms


You were on level 3 of the Snake Pit.
You worshipped Trog.
Trog was extremely pleased with you.
You visited 5 branches of the dungeon, and saw 26 of its levels.
You also visited: Gauntlet.

You collected 3217 gold pieces.
You spent 3130 gold pieces at shops.

Inventory:

Hand Weapons
 a - a +7 heavy executioner's axe (weapon)
   (Trog gifted it to you on level 13 of the Dungeon)
 b - a +1 triple crossbow of freezing
   (You bought it in a shop on level 2 of the Orcish Mines)
 m - a +4 war axe of flaming
   (You took it off an orc on level 1 of the Orcish Mines)
 W - the +8 whip "Snakebite" {venom, curare, rPois}
   (You took it off Amaemon on level 3 of the Lair of Beasts)

   rPois:     It protects you from poison
Missiles
 l - 7 atropa-tipped darts
 o - 21 boomerangs (quivered)
 q - 6 javelins
 D - 9 curare-tipped darts
Armour
 c - a +7 crystal plate armour (worn)
   (You found it on level 4 of the Dungeon)
 n - a +0 pair of gloves (worn)
   (You found it on level 2 of the Dungeon)
 p - a +0 pair of boots (worn)
   (You found it on level 6 of the Dungeon)
 U - the +1 hat "Siula" (worn) {*Slow rCorr Slay+6 SInv}
   (You found it in a Gauntlet)

   Slay+6:    It affects your accuracy & damage with ranged weapons and melee
   (+6).
   SInv:      It lets you see invisible.
   rCorr:     It protects you from acid and corrosion.
   *Slow:     It may slow you when you take damage.
 X - a +1 cloak of willpower (worn)
   (You found it in a Gauntlet)
Jewellery
 i - a ring of willpower
   (You found it on level 5 of the Lair of Beasts)
 k - an amulet of regeneration
   (You bought it in a shop on level 6 of the Dungeon)
 F - a ring of protection from fire
   (You bought it in a shop on level 6 of the Dungeon)
 I - a ring of protection from cold
   (You found it on level 3 of the Dungeon)
 M - a +6 ring of strength
   (You found it on level 2 of the Lair of Beasts)
 N - a ring of positive energy
   (You found it on level 9 of the Dungeon)
 P - a +3 ring of slaying (left hand)
   (You bought it in a shop on level 14 of the Dungeon)
 Q - an amulet of reflection (around neck)
   (You found it on level 3 of the Lair of Beasts)
 R - the ring of Luro (right hand) {rPois Int+6 Dex+3 Stlth+}
   (You acquired it on level 7 of the Dungeon)

   [ring of intelligence]

   Int+6:     It affects your intelligence (+6).
   Dex+3:     It affects your dexterity (+3).
   rPois:     It protects you from poison Stlth+: It makes you more stealthy.
 V - the ring of Gaobisih {Fly rElec EV+5 SInv}
   (You found it in a Gauntlet)

   [ring of evasion]

   EV+5:      It affects your evasion (+5).
   rElec:     It insulates you from electricity.
   SInv:      It lets you see invisible.
   Fly:       It grants you flight.
Wands
 d - a wand of iceblast (28)
   (You found it on level 6 of the Dungeon)
 f - a wand of flame (53)
   (You found it on level 5 of the Dungeon)
 u - a wand of paralysis (9)
   (You took it off Ijyb on level 2 of the Dungeon)
 v - a wand of digging (8)
   (You found it on level 1 of the Lair of Beasts)
 C - a wand of polymorph (3)
   (You bought it in a shop on level 2 of the Orcish Mines)
 J - a wand of mindburst (6)
   (You took it off an efreet on level 15 of the Dungeon)
 K - a wand of light (9)
   (You took it off Lodul on level 10 of the Dungeon)
Scrolls
 h - 3 scrolls of summoning
 s - a scroll of fog
 t - 10 scrolls of teleportation {@r4}
 w - 3 scrolls of immolation {!r}
 A - 5 scrolls of noise {!r}
 B - 4 scrolls of revelation
 E - 6 scrolls of fear
 T - 5 scrolls of vulnerability {!r}
 Z - 2 scrolls of poison
Potions
 e - 4 potions of invisibility
 g - 10 potions of curing {@q1}
 j - 4 potions of haste {@q3}
 r - 6 potions of attraction {!q}
 x - 7 potions of heal wounds {@q2}
 y - a potion of ambrosia
 z - 7 potions of might
 H - 3 potions of mutation {!q}
 L - 3 potions of resistance
 O - a potion of cancellation
 Y - 5 potions of enlightenment
Miscellaneous
 G - a condenser vane
   (You found it on level 7 of the Dungeon)
 S - a phantom mirror
   (You found it on level 9 of the Dungeon)


   Skills:
 + Level 15.8 Fighting
 * Level 18.6 Axes
 * Level 17.9 Ranged Weapons
 - Level 11.2 Throwing
 + Level 15.1 Armour
 - Level 2.1 Dodging
 + Level 7.9 Evocations


You had 15 spell levels left.
You didn't know any spells.
Your spell library was empty.

Dungeon Overview and Level Annotations

Branches:
Dungeon (15/15) Zot: 24075  Temple (0/1) D:4            Lair (5/5) D:8 Zot: 21327
  Swamp (0/4) Lair:2        Snake (3/4) Lair:3 Zot: 7163   Slime (0/5) Lair:4
    Orc (2/2) D:9 Zot: 8460     Elf (1/3) Orc:2 Zot: 5783  Vaults (0/5) D:13
 Depths (0/4) D:15        Gauntlet (visited)

Altars:
Cheibriados
Dithmenos
Elyvilon
Makhleb
Qazlal
Ru
Trog
Uskayaw
Vehumet
Wu Jian

Shops:
D:6 [?![=   D:13 [   D:14 =   Orc:2 *(!?[   Snake:2 :*


Innate Abilities, Weirdness & Mutations

You have a pair of horns on your head.
You reflexively headbutt those who attack you in melee.


Message History

The flame surge hits you!!
* * * LOW HITPOINT WARNING * * *
A naga warrior comes into view. It is wielding a +0 hand axe.
The naga closely misses you. The naga grabs you. The naga constricts you.
* * * LOW HITPOINT WARNING * * *
The black mamba bites you but does no damage.
The shock serpent bites you but does no damage.
The naga spits poison at you.
The splash of poison hits you but does no damage.
You resist. The naga constricts you.
The black mamba bites you but does no damage.
The naga's grasp on you weakens, but your attempt to escape fails.
The shock serpent bites you.
* * * LOW HITPOINT WARNING * * *
The shock serpent shocks you!
* * * LOW HITPOINT WARNING * * *
The black mamba bites you but does no damage.
The salamander tyrant hits you but does no damage.
The naga hits you but does no damage. The naga constricts you.
The shock serpent bites you.
* * * LOW HITPOINT WARNING * * *
The shock serpent shocks you!
* * * LOW HITPOINT WARNING * * *
A red film seems to cover your vision as you go berserk!
You feel yourself moving faster!
You feel mighty! You block the black mamba's attack.
The salamander barely misses you. The salamander tyrant hits you!
* * * LOW HITPOINT WARNING * * *
You are engulfed in flames!!
* * * LOW HITPOINT WARNING * * *
The black mamba bites you but does no damage.
The shock serpent bites you but does no damage.
The naga hits you but does no damage. The naga constricts you.
You slice the salamander tyrant!! You headbutt the salamander tyrant!
You miss the black mamba. You closely miss the naga.
You miss the shock serpent. The black mamba bites you!
* * * LOW HITPOINT WARNING * * *
You are poisoned.
The black mamba poisons you!
The shock serpent bites you but does no damage.
The salamander hits you but does no damage.
The salamander tyrant calls gouts of flame from the lava!
The flame surge hits you!
* * * LOW HITPOINT WARNING * * *
The black mamba bites you but does no damage.
The naga hits you but does no damage. The naga constricts you.
The shock serpent bites you.
* * * LOW HITPOINT WARNING * * *
The shock serpent shocks you!
You die...

##..............
#...............
......?.....N...
................
................
................
.......≈NS......
......N.@†:.....
......)SN.......
................
................
................
........)......)
#...............
#...............
...............


You could see a naga warrior, a salamander tyrant, a salamander, a shock
serpent, a black mamba and a naga.

Vanquished Creatures
  Agnes (Snake:2)
  A nagaraja (Snake:2)
  An orc warlord (Orc:2)
  Nessos (D:15)
  A very ugly thing (D:15)
  The ghost of jasper the Mimic, a journeyman TrSh of Okawaru (Lair:2)
  A minotaur (Gauntlet)
  A dire elephant (Lair:5)
  A fire dragon (D:11)
  Josephine (D:15)
  A salamander tyrant (Snake:3)
  A great orb of eyes (D:15)
  5 hydras
  5 centaur warriors
  A vault guard (D:13)
  2 rakshasas (D:15)
  The ghost of wildpjah the Carver, a journeyman DsFi of Okawaru (D:11)
  A merfolk avatar (Lair:5)
  An ogre mage (D:14)
  10 two-headed ogres
  2 catoblepae
  7 anacondas
  7 naga warriors
  A death knight (D:13)
  4 boulder beetles
  An occultist (D:15)
  4 shock serpents
  An orc high priest (Orc:2)
  6 naga sharpshooters
  Sonja (Lair:5)
  Amaemon (Lair:3)
  2 salamander mystics
  3 sea snakes
  3 skysharks
  Lodul (D:10)
  A swamp dragon (shapeshifter) (D:15)
  2 naga ritualists
  3 large abominations (Gauntlet)
  A glowing orange brain (D:13)
  A lindwurm (Lair:4)
  2 deep elf pyromancers
  2 phantasmal warriors (D:13)
  7 orc knights
  18 ugly things
  20 mana vipers
  An orc sorcerer (Orc:2)
  14 salamanders
  8 cyclopes
  5 manticores
  2 guardian serpents
  A torpor snail (Lair:4)
  25 black mambas
  Maurice (D:12)
  An orange demon (Lair:3)
  5 naga magi
  A black mamba (shapeshifter) (D:14)
  10 elephants
  A molten gargoyle (Gauntlet)
  2 gargoyles
  An unseen horror (D:12)
  11 cane toads
  Maggie (D:7)
  12 komodo dragons
  6 rime drakes
  A freezing wraith (D:13)
  An efreet (D:15)
  A tengu conjurer (D:13)
  3 red devils (Orc:1)
  3 meliai (D:15)
  A polar bear (shapeshifter) (D:14)
  A tyrant leech (Gauntlet)
  5 trolls
  8 polar bears
  10 saltlings (Orc:2)
  4 hornets
  A blink frog (shapeshifter) (D:13)
  A raiju (shapeshifter) (D:13)
  2 dream sheep (D:7)
  13 blink frogs
  2 snapping turtles (Lair:5)
  A vampire (D:10)
  9 slime creatures (D:15)
  7 wraiths
  59 yaks
  4 wyverns
  2 hogs (D:7)
  7 steam dragons
  3 basilisks
  8 vampire mosquitoes
  4 wargs
  4 swamp worms (Gauntlet)
  31 nagas
  10 water moccasins
  10 black bears
  19 orc warriors
  2 ice beasts
  2 sky beasts
  14 ogres
  18 wolves
  16 centaurs
  A phantom (D:7)
  14 bullfrogs
  3 gnoll sergeants
  3 scorpions
  4 killer bees (D:9)
  6 electric eels
  A howler monkey (D:14)
  3 hounds
  15 orc priests
  2 gnoll boudas (D:7)
  A jelly (D:5)
  A sleepcap (D:5)
  4 iguanas
  Ijyb (D:2)
  Natasha (D:2)
  30 orc wizards
  4 small abominations (Gauntlet)
  25 gnolls
  4 adders
  5 shadow imps
  2 white imps
  2 ufetubi (D:7)
  3 worms
  3 dart slugs
  65 orcs
  5 bats
  6 endoplasms
  3 giant cockroaches
  13 goblins
  5 hobgoblins
  6 quokkas
  9 ball pythons
  5 frilled lizards
  4 kobolds
  9 rats
802 creatures vanquished.

Vanquished Creatures (collateral kills)
  2 black bears (D:7)
  A wolf (D:7)
3 creatures vanquished.

Vanquished Creatures (others)
  An arcanist (D:3)
  A slime creature (D:15)
  A bullfrog (Lair:3)
3 creatures vanquished.

Grand Total: 808 creatures vanquished

Notes
Turn   | Place    | Note
-------+----------+-------------------------------------------
     0 | D:1      | Pooter the Minotaur Berserker began the quest for the Orb.
     0 | D:1      | Reached XP level 1. HP: 19/19 MP: 0/0
   263 | D:1      | Reached skill level 4 in Axes
   277 | D:1      | Reached XP level 2. HP: 27/27 MP: 1/1
   588 | D:1      | Reached skill level 1 in Throwing
   839 | D:2      | Reached XP level 3. HP: 29/33 MP: 2/2
   859 | D:2      | Reached ** piety under Trog
   878 | D:2      | Found a faded altar of an unknown god.
  1351 | D:2      | Noticed Ijyb
  1362 | D:2      | Killed Ijyb
  1363 | D:2      | Reached skill level 5 in Axes
  1363 | D:2      | Reached XP level 4. HP: 41/41 MP: 3/3
  1619 | D:2      | Noticed Natasha
  1630 | D:2      | Killed Natasha
  1913 | D:3      | Reached XP level 5. HP: 37/47 MP: 4/4
  2007 | D:3      | Found a white marble altar of Elyvilon.
  2259 | D:3      | Found a snail-covered altar of Cheibriados.
  2279 | D:3      | Found a shadowy altar of Dithmenos.
  2313 | D:3      | Found a sacrificial altar of Ru.
  2421 | D:3      | Found a bloodstained altar of Trog.
  2423 | D:3      | Noticed an arcanist
  2426 | D:3      | Killed an arcanist
  2668 | D:4      | Found a staircase to the Ecumenical Temple.
  2714 | D:4      | Reached skill level 6 in Axes
  2740 | D:4      | Reached skill level 5 in Fighting
  2902 | D:4      | Reached XP level 6. HP: 25/56 MP: 5/5
  3053 | D:4      | Found a hide-covered altar of Uskayaw.
  3953 | D:5      | Entered Level 5 of the Dungeon
  4036 | D:5      | Reached skill level 7 in Axes
  4173 | D:5      | Reached XP level 7. HP: 61/61 MP: 6/6
  4504 | D:5      | Found a transporter.
  4548 | D:5      | Found a transporter.
  5179 | D:6      | Noticed a steam dragon
  5183 | D:6      | Killed a steam dragon
  5184 | D:6      | Reached skill level 8 in Axes
  5239 | D:6      | Found Jeucvonu's Jewellery Boutique.
  5249 | D:6      | Found Exkelel's Antique Armour Emporium.
  5283 | D:6      | Reached XP level 8. HP: 71/71 MP: 7/7
  5404 | D:6      | Found Axtucs's Armour Shop.
  5426 | D:6      | Found Tuocvim's Magic Scroll Emporium.
  5434 | D:6      | Bought 3 scrolls of identify for 60 gold pieces
  5434 | D:6      | Bought a scroll of noise for 10 gold pieces
  5434 | D:6      | Bought a scroll of enchant weapon for 75 gold pieces
  5434 | D:6      | Bought a scroll of revelation for 75 gold pieces
  5434 | D:6      | Bought a scroll of brand weapon for 95 gold pieces
  5460 | D:6      | Reached skill level 5 in Armour
  5713 | D:6      | Found Loereskai's Distillery.
  5928 | D:6      | Reached skill level 9 in Axes
  6217 | D:7      | Noticed Maggie
  6226 | D:7      | Killed Maggie
  6227 | D:7      | Reached skill level 5 in Throwing
  6245 | D:7      | Reached *** piety under Trog
  6246 | D:7      | Reached XP level 9. HP: 50/79 MP: 8/8
  6435 | D:7      | Found a runed translucent gate.
  6436 | D:7      | Found a runed translucent gate.
  6436 | D:7      | Noticed a polar bear
  6436 | D:7      | Noticed a polar bear
  6437 | D:7      | Found a runed translucent gate.
  6437 | D:7      | Noticed a polar bear
  6482 | D:7      | Reached skill level 10 in Axes
  6482 | D:7      | Reached skill level 1 in Ranged Weapons
  6564 | D:7      | Identified a scroll of acquirement
  6565 | D:7      | Acquired the ring of Luro {rPois Int+6 Dex+3 Stlth+}
  7355 | D:8      | Reached skill level 11 in Axes
  7577 | D:6      | Bought a potion of heal wounds for 70 gold pieces
  7650 | D:7      | Reached skill level 5 in Ranged Weapons
  7650 | D:7      | Reached XP level 10. HP: 56/90 MP: 9/9
  7818 | D:8      | Found a staircase to the Lair.
  7836 | D:8      | Reached skill level 12 in Axes
 10635 | D:9      | Found a staircase to the Orcish Mines.
 10799 | Lair:2   | Identified the "Enkocw Buyr"
 10799 | Orc:1    | Entered Level 1 of the Orcish Mines
 11129 | D:9      | Reached XP level 11. HP: 97/97 MP: 10/10
 11320 | Orc:1    | Noticed a two-headed ogre
 11332 | Orc:1    | Killed a two-headed ogre
 11333 | Orc:1    | Reached skill level 13 in Axes
 11823 | D:6      | Bought an amulet of regeneration for 390 gold pieces
 11872 | D:6      | Bought a scroll of fear for 40 gold pieces
 11872 | D:6      | Bought a scroll of immolation for 40 gold pieces
 12008 | Gauntlet | Identified the "Oxtoen"
 12008 | Gauntlet | Identified the "Kostril"
 12008 | Orc:2    | Entered Level 2 of the Orcish Mines
 12032 | Orc:2    | Found a gate leading to a gauntlet.
 12035 | Orc:2    | Found a staircase to the Elven Halls.
 12049 | Gauntlet | Entered a Gauntlet
 12049 | Gauntlet | Found a transporter.
 12074 | Gauntlet | Found a transporter.
 12075 | Gauntlet | Found a transporter.
 12079 | Gauntlet | Found a transporter.
 12108 | Gauntlet | Found a transporter.
 12108 | Gauntlet | Found a transporter.
 12108 | Gauntlet | Found a transporter.
 12164 | Gauntlet | Found a transporter.
 12164 | Gauntlet | Found a transporter.
 12181 | Gauntlet | Reached skill level 10 in Fighting
 12195 | Gauntlet | Found a transporter.
 12197 | Gauntlet | Identified the +1 hat "Siula" {*Slow rCorr Slay+6 SInv}
 12198 | Gauntlet | Noticed a catoblepas
 12210 | Gauntlet | Found a runed translucent door.
 12210 | Gauntlet | Found a runed translucent door.
 12227 | Gauntlet | Found a transporter.
 12228 | Gauntlet | Found a transporter.
 12239 | Gauntlet | Killed a catoblepas
 12308 | Gauntlet | Found a transporter.
 12314 | Gauntlet | Noticed a large abomination
 12322 | Gauntlet | Found a transporter.
 12324 | Gauntlet | Killed a large abomination
 12326 | Gauntlet | Reached skill level 14 in Axes
 12332 | Gauntlet | Identified the ring of Gaobisih {Fly rElec EV+5 SInv}
 12383 | Gauntlet | Identified the +2 sling "Rikuff" {drain, rElec Str-4 Int+5
                  | Dex+2}
 12383 | Gauntlet | Identified the +4 ring mail of Action {rPois Int+2}
 12383 | Gauntlet | Noticed a minotaur
 12401 | Gauntlet | Killed a minotaur
 12451 | Gauntlet | Identified the +0 robe of Nuawnuel {Harm rCorr Int+8 Dex-2}
 12465 | Gauntlet | Identified the +2 hat "Ugumi" {Str+3}
 12465 | Gauntlet | Identified the +5 trident of the Mosquito {antimagic, rElec
                  | rPois}
 12593 | D:9      | Noticed a two-headed ogre
 12598 | D:9      | Killed a two-headed ogre
 12870 | D:10     | Entered Level 10 of the Dungeon
 12872 | D:10     | Noticed a two-headed ogre
 12878 | D:10     | Killed a two-headed ogre
 12987 | D:10     | Reached skill level 10 in Ranged Weapons
 13300 | D:10     | Reached XP level 12. HP: 106/108 MP: 11/11
 13310 | D:10     | Noticed Lodul
 13323 | D:10     | Killed Lodul
 13324 | D:10     | Reached skill level 10 in Armour
 13754 | Lair:1   | Entered Level 1 of the Lair of Beasts
 13827 | Lair:1   | Reached skill level 15 in Axes
 14012 | Lair:1   | Noticed a boulder beetle
 14013 | Lair:1   | Found an ornate altar of the Wu Jian Council.
 14013 | Lair:1   | Found a hide-covered altar of Uskayaw.
 14173 | Lair:1   | Killed a boulder beetle
 14754 | D:6      | Bought a ring of protection from fire for 325 gold pieces
 14868 | Lair:2   | Noticed a catoblepas
 14875 | Lair:2   | Killed a catoblepas
 15087 | Lair:2   | You are sucked into a shaft and drop 2 floors!
 15130 | Lair:3   | Found a staircase to the Snake Pit.
 15216 | Lair:2   | Reached XP level 13. HP: 85/117 MP: 12/12
 15283 | Lair:2   | Found a runed translucent door.
 15291 | Lair:2   | Found a staircase to the Swamp.
 15308 | Lair:2   | Noticed jasper's ghost (journeyman TrSh)
 15639 | Lair:3   | Noticed Amaemon
 15645 | Lair:3   | Killed Amaemon
 15646 | Lair:3   | Reached skill level 16 in Axes
 15688 | Lair:3   | Reached skill level 1 in Evocations
 16377 | Lair:4   | Reached **** piety under Trog
 16669 | Lair:4   | Found a staircase to the Slime Pits.
 17316 | Lair:5   | Entered Level 5 of the Lair of Beasts
 19030 | Lair:5   | Reached skill level 10 in Throwing
 19030 | Lair:5   | Reached XP level 14. HP: 127/127 MP: 13/13
 19974 | Lair:5   | Noticed Sonja
 19983 | Lair:5   | Killed Sonja
 20722 | Lair:5   | Reached ***** piety under Trog
 21760 | Lair:5   | Identified the +0 trident "Ufidghig" {venom, +Blink Str+3
                  | Dex+2}
 22325 | Orc:2    | Found a radiant altar of Vehumet.
 22330 | Orc:2    | Found Efusk's Armour Shop.
 23738 | Orc:2    | Noticed an orc warlord
 23750 | Orc:2    | Killed an orc warlord
 23816 | Orc:2    | Found Zukhidog's Assorted Antiques.
 23820 | Orc:2    | Found Maxterph's Weapon Boutique.
 23838 | Orc:2    | Bought a crooked iron wand for 88 gold pieces
 23838 | Orc:2    | Bought a scroll labelled YTYFEI DESHRE for 22 gold pieces
 23838 | Orc:2    | Bought a potion of might for 88 gold pieces
 23838 | Orc:2    | Bought a scroll of enchant weapon for 165 gold pieces
 23995 | Orc:2    | Reached skill level 5 in Evocations
 24027 | Orc:2    | Found Baronteg's Magic Scroll Shoppe.
 24033 | Orc:2    | Bought a scroll of identify for 22 gold pieces
 24033 | Orc:2    | Bought a scroll of identify for 22 gold pieces
 24128 | Orc:2    | Found a burning altar of Makhleb.
 24480 | Orc:2    | Found Ciarhoro's Distillery.
 24524 | Orc:2    | Bought a potion of might for 44 gold pieces
 24524 | Orc:2    | Bought a potion of curing for 33 gold pieces
 24524 | Orc:2    | Bought a potion of resistance for 110 gold pieces
 24652 | Orc:2    | Bought a +0 triple crossbow for 140 gold pieces
 25034 | D:11     | Found a stormy altar of Qazlal.
 25056 | D:11     | Identified the +6 chain mail "Eqosexot" {rElec Str+3 Int-5
                  | Dex-5}
 25241 | D:11     | Found a runed translucent door.
 25242 | D:11     | Noticed wildpjah's ghost (journeyman DsFi)
 25257 | D:11     | Killed wildpjah's ghost
 25568 | D:11     | Reached skill level 15 in Ranged Weapons
 25897 | D:6      | Bought a potion of lignification for 42 gold pieces
 25932 | D:6      | Bought a scroll of vulnerability for 40 gold pieces
 26063 | D:12     | Noticed Maurice
 26077 | D:12     | Killed Maurice
 26570 | D:13     | Reached XP level 15. HP: 100/138 MP: 14/14
 26600 | D:13     | Found a gate to the Vaults.
 26739 | D:13     | Found Kyucvuemn's Antique Armour Emporium.
 26826 | D:13     | Received a gift from Trog
 27535 | D:14     | Found Wikhaip's One-of-a-Kind Rings.
 27541 | D:14     | Bought a +3 ring of slaying for 540 gold pieces
 28475 | D:15     | Entered Level 15 of the Dungeon
 28483 | D:15     | Noticed Nessos
 28545 | D:15     | Killed Nessos
 29835 | D:15     | Noticed Josephine
 29840 | D:15     | Killed Josephine
 29884 | D:15     | Found a radiant altar of Vehumet.
 30394 | D:15     | Reached skill level 17 in Axes
 30414 | D:15     | Found a staircase to the Depths.
 30974 | D:7      | Identified the +6 flail "Vafiuf" {flame, rElec rN+ Dex-4
                  | Stlth+}
 31090 | Lair:2   | Killed jasper's ghost
 31297 | Vaults:5 | Identified the "Kumon"
 31297 | Vaults:5 | Identified the "Liply"
 31297 | Crypt:3  | Identified the "Voaliu"
 31297 | Crypt:3  | Identified the "Hier"
 31297 | Elf:1    | Identified the "Cepsao"
 31297 | Elf:1    | Entered Level 1 of the Elven Halls
 31963 | Snake:1  | Entered Level 1 of the Snake Pit
 33763 | Snake:1  | Reached skill level 15 in Fighting
 33766 | Snake:1  | Reached XP level 16. HP: 125/149 MP: 15/15
 37254 | Snake:2  | Reached skill level 18 in Axes
 38909 | Snake:2  | Noticed Agnes
 38915 | Snake:2  | Killed Agnes
 40236 | Snake:2  | Found Wynwed's Assorted Antiques.
 40236 | Snake:2  | Found Hematilivo's Book Shoppe.
 40250 | Snake:2  | Bought a shimmering bone ring for 180 gold pieces
 40250 | Snake:2  | Identified the ring "Gegoekko" {Ice rElec rPois Slay-6
                  | SInv} (You bought it in a shop on level 2 of the Snake Pit)
 40250 | Snake:2  | Bought a potion of might for 144 gold pieces
 40250 | Snake:2  | Bought a scroll of revelation for 270 gold pieces
 40845 | Snake:2  | Received a gift from Trog
 41056 | Snake:2  | Reached skill level 15 in Armour
 42607 | Snake:3  | HP: 6/226 [salamander tyrant/flame surge (8)]
 42607 | Snake:3  | HP: 2/226 [shock serpent (4)]
 42607 | Snake:3  | Mangled by a shock serpent

Illustrated notes

Levels and vault maps discovered:
D:1:      minmay_arrival_plants_in_alcoves, layout_basic, minmay_ruptured
D:2:      kennysheep_the_goblin_king, layout_basic,
          dreamdust_ecumenical_altar_grove, chequers_serial_rivers_large_b,
          uniq_natasha
D:3:      layout_loops_ring, mainiacjoe_overflow_paths, trog_wizard,
          cheibriados_altar_1, mainiacjoe_overflow_catwalk,
          mainiacjoe_overflow_surrounded_room
D:4:      layout_loops_ring, eat_drink_and_be_merry_uskayaw,
          lemuel_temple_firewalk_b, uniq_ijyb
D:5:      gammafunk_wand_slinger, layout_basic
D:6:      layout_cave_pods, serial_shops, shop, kennysheep_mini, shop,
          nicolae_stop_n_shop_1, nicolae_shop_hallway_plus
D:7:      lemuel_bear_cage, layout_cave_pools, uniq_maggie
D:8:      layout_loops_corners, erik_lair_orcish_takeover
D:9:      layout_basic, erik_orc_2
D:10:     layout_basic, uniq_lodul
D:11:     layout_gridville, ebering_ghost_inner_flame, grunt_qazlal_clouds
D:12:     layout_rooms, uniq_maurice
D:13:     layout_roguey, hellmonk_vaults_order_and_chaos, serial_shops,
          shop_fountains
D:14:     layout_long_grid, minmay_crystal_water, nrook_uturn,
          nicolae_shop_unique_rings
D:15:     gammafunk_enter_depths_forms, layout_rooms, serial_corexii_hall,
          corexii_hall_statues_i, chequers_hall_statues_wall_a,
          chequers_hall_statues_y, vehumet_altar_wand_db, uniq_nessos,
          uniq_josephine
Lair:1:   layout_regular_city, nzn_masters_of_martial_movement,
          grunt_megastairs_2
Lair:2:   layout_regular_city, swamp_mist, ebering_ghost_reflecting_pool,
          grunt_megastairs_1, infiniplex_staircase_pool_2, serial_bayou_shore_b
Lair:3:   layout_hall_layers, minmay_snake_entry_guardpost_small,
          small_statue_intersection, minmay_stone_trees_small, uniq_amaemon
Lair:4:   layout_roguey, slime_entry_1, pdpol_lair_cavern_descent,
          grunt_megastairs_5
Lair:5:   gammafunk_lair_ancient_temple, layout_regular_city,
          serial_bayou_lagoon_b, lemuel_fruit_tree, uniq_sonja
Snake:1:  nicolae_snake_crotalidae_crossing, layout_chambers,
          serial_bayou_shore_a
Snake:2:  layout_onion, special_room, minmay_shoptagon, uniq_agnes
Snake:3:  layout_onion, nicolae_snake_mages_go_home, minmay_shop_grove
Orc:1:    layout_caves, basic_altar, einodemon_armed_red_devil_minivault
Orc:2:    hellmonk_orc_salted, layout_caves, serial_shops, shop, basic_altar,
          gauntlet_entry_generic, nicolae_orc_bridge_out,
          david_defended_altar_orc
Elf:1:    eino_elf_arrival_the_gate, layout_rooms, minmay_elf_annihilation,
          st_stairs_14, minmay_the_grid_square_5x5_3x3_mashed
          [minmay_the_grid_square_5x5_dogpile,
          minmay_the_grid_square_5x5_minibox,
          minmay_the_grid_square_5x5_misaligned,
          minmay_the_grid_square_5x5_inner_z,
          minmay_the_grid_square_5x5_megaprize_checkered,
          minmay_the_grid_square_5x5_beaten_path, minmay_the_grid_square_5x5_v,
          minmay_the_grid_square_5x5_almost_minimal,
          minmay_the_grid_square_5x5_minivault]

Skill      XL: |  1  2  3  4  5  6  7  8  9 10 11 12 13 14 15 16 |
---------------+-------------------------------------------------+-----
Axes           | 4 5 6 7 8 9 11 12 14 15 16 17 18 | 18.6
Fighting       | 4 5 6 7 8 9 10 11 12 14 15 | 15.8
Throwing       | 1 2 3 4 5 7 10 11 | 11.2
Armour         | 3 4 6 7 8 9 10 12 13 14 15 | 15.1
Ranged Weapons | 5 7 10 11 13 15 16 17 | 17.9
Evocations     | 3 5 6 7 |  7.9
Dodging        | |  2.1

Action                     |  1- 3 |  4- 6 |  7- 9 | 10-12 | 13-15 | 16-18 || total
---------------------------+-------+-------+-------+-------+-------+-------++-------
  Melee: Hand axe          |    82 |     4 |       |       |       |       ||    86
         Headbutt          |    12 |    13 |    37 |    84 |    92 |    27 ||   265
         Punch             |     1 |       |       |     3 |     3 |     2 ||     9
         Morningstar       |       |   106 |   185 |   165 |       |       ||   456
         War axe           |       |       |       |   214 |   312 |       ||   526
         Executioner's axe |       |       |       |       |    97 |    84 ||   181
         Unarmed           |       |       |       |       |     4 |       ||     4
         Whip              |       |       |       |       |       |    79 ||    79
   Fire: Sling             |       |       |     2 |   137 |       |       ||   139
         Orcbow            |       |       |       |   135 |   250 |       ||   385
         Triple crossbow   |       |       |       |       |   213 |   146 ||   359
  Throw: Boomerang         |       |       |    23 |    15 |     2 |     7 ||    47
         Javelin           |       |       |       |     2 |       |       ||     2
         Dart              |       |       |       |     1 |       |       ||     1
 Invoke: Trog's Hand       |     1 |     3 |     7 |    30 |    15 |       ||    56
         Berserk           |     1 |     3 |     7 |    12 |    14 |     6 ||    43
         Brothers in Arms  |       |       |       |       |     1 |       ||     1
  Evoke: Wand              |       |       |     2 |       |    31 |     4 ||    37
         Phantom mirror    |       |       |       |     1 |       |       ||     1
    Use: Scroll            |     2 |     3 |     6 |    10 |    21 |       ||    42
         Potion            |       |       |     1 |     3 |       |       ||     4
   Stab: Sleeping          |     4 |       |       |       |       |       ||     4
         Paralysed         |       |       |     5 |       |     1 |       ||     6
 Armour: Animal skin       |    35 |       |       |       |       |       ||    35
         Ring mail         |       |    26 |       |       |       |       ||    26
         Crystal plate arm |       |    56 |   294 |   405 |   704 |   325 ||  1784
         Skin              |       |       |       |       |     1 |       ||     1
  Dodge: Dodged            |    43 |    34 |    45 |   158 |   273 |    97 ||   650
  Block: Other             |       |       |       |       |     6 |    47 ||    53
         Reflection        |       |       |       |       |     1 |     7 ||     8

Table legend: (Time is in decaauts)
 A = Elapsed time spent in this place.
 B = Non-inter-level travel time spent in this place.
 C = Inter-level travel time spent in this place.
 D = Time resting spent in this place.
 E = Time spent auto-exploring this place.
 F = Levels seen in this place.
 G = Mean time per level.
                   A        B        C        D        E       F      G
               +--------+--------+--------+--------+--------+-----+--------+
         Total |  43570 |  40543 |   3027 |  20851 |  13748 |  27 | 1613.7 |
       Dungeon |  19870 |  17876 |   1994 |   5951 |   8843 |  15 | 1324.7 |
          Lair |   8672 |   8100 |    572 |   4324 |   2460 |   5 | 1734.4 |
     Snake Pit |  10835 |  10729 |    106 |   8185 |   1682 |   3 | 3611.7 |
  Orcish Mines |   3539 |   3186 |    353 |   1942 |    757 |   2 | 1769.5 |
   Elven Halls |    216 |    216 |      0 |    200 |      0 |   1 |  216.0 |
      Gauntlet |    434 |    434 |      0 |    248 |      6 |   1 |  434.0 |
               +--------+--------+--------+--------+--------+-----+--------+

Top non-repeatable levels by time:
 Snake:2: 5802 daAuts
  Lair:5: 4813 daAuts
 Snake:1: 4057 daAuts
     D:9: 3459 daAuts
   Orc:2: 2812 daAuts
    D:15: 2030 daAuts
    D:14: 1779 daAuts
     D:8: 1646 daAuts
     D:7: 1424 daAuts
     D:4: 1365 daAuts
     D:6: 1277 daAuts
     D:5: 1216 daAuts
  Lair:4: 1166 daAuts
     D:2: 1084 daAuts
  Lair:2: 1047 daAuts
